 Dungeon Crawl Stone Soup version 0.23-a0-644-gb60d84b (webtiles) character file.

806 Lanoc the Cleaver (level 7, -10/62 HPs)
             Began as a Hill Orc Chaos Knight on Jan 1, 2019.
             Was a Follower of Beogh.
             Mangled by a black mamba (glowing shapeshifter) (13 damage)
             ... on level 5 of the Dungeon.
             The game lasted 00:08:54 (4592 turns).

Lanoc the Cleaver (Hill Orc Chaos Knight)           Turns: 4592, Time: 00:08:55

Health: -10/62     AC: 11    Str: 24      XL:     7   Next: 91%
Magic:  7/7        EV: 12    Int: 11 (12) God:    Beogh [*.....]
Gold:   210        SH:  0    Dex: 10      Spells: 6/6 levels left

rFire    . . .     SeeInvis .   a - +0 hand axe (chaos)
rCold    . . .     Gourm    .   (no shield)
rNeg     . . .     Faith    .   u - +2 ring mail {MR+}
rPois    .         Spirit   .   (helmet restricted)
rElec    .         Reflect  .   t - +2 cloak
rCorr    .         Harm     .   (no gloves)
MR       +....                  (no boots)
Stlth    ..........             (no amulet)
HPRegen  0.20/turn              (no ring)
MPRegen  0.10/turn              (no ring)

@: mighty
A: beak, claws 1, horns 1, strong 1, wild magic 2
a: Renounce Religion


You were on level 5 of the Dungeon.
You worshipped Beogh.
Beogh was aware of your devotion.
You were not hungry.

You visited 2 branches of the dungeon, and saw 6 of its levels.

You collected 210 gold pieces.

Inventory:

Hand Weapons
 a - a +0 hand axe of chaos (weapon)
Armour
 t - a +2 cloak (worn)
 u - a +2 ring mail of magic resistance (worn)
Wands
 o - a wand of flame (9)
Scrolls
 d - 2 scrolls of magic mapping {unknown}
 g - 4 scrolls of teleportation {unknown}
 k - 2 scrolls of enchant weapon {unknown}
 l - a scroll of noise {unknown}
 m - a scroll of enchant armour {unknown}
 n - 7 scrolls of identify {unknown}
 q - a scroll of immolation {unknown}
 s - a scroll of blinking {unknown}
Potions
 h - a potion of resistance {unknown}
 i - 2 potions of degeneration {unknown}
 j - a potion of mutation {unknown}
 p - 2 potions of flight {unknown}
 r - a potion of lignification {unknown}
Comestibles
 c - 4 rations


   Skills:
 + Level 5.9 Fighting
 * Level 8.1 Axes
 + Level 4.6 Armour
 + Level 3.1 Dodging


You had 6 spell levels left.
You didn't know any spells.
Your spell library was empty.

Dungeon Overview and Level Annotations

Branches:
Dungeon (5/15)             Temple (1/1) D:5

Altars:
Dithmenos
Gozag
Makhleb
Xom

Shops:
D:4 *


Innate Abilities, Weirdness & Mutations

You have a beak for a mouth.
You have sharp fingernails.
You have a pair of small horns on your head.
Your muscles are strong. (Str +2)
Your spells are harder to cast, but more powerful.


Message History

* * * LOW HITPOINT WARNING * * *
You feel better.
You are no longer corroded.
The yak gores you.
* * * LOW HITPOINT WARNING * * *
You barely miss the yak. You peck the yak.
The yak is heavily wounded.
The yak changes into a black mamba!
You slash the black mamba!
Lightning courses through the black mamba!
The black mamba is severely wounded.
The black mamba barely misses you.
You hit the black mamba. Your headbutt misses the black mamba.
The black mamba is almost dead.
The black mamba closely misses you. The black mamba bites you.
* * * LOW HITPOINT WARNING * * *
You closely miss the black mamba. Your headbutt misses the black mamba.
The black mamba is almost dead.
The black mamba bites you!
You die...

####++### ##≈≈≈..≈≈≈
##≈≈......≈ ##≈≈........
##≈≈.........
##≈≈.......... ###
####≈≈....≈≈≈≈≈≈. ##.##
#.##≈....≈.♣♣♣♣.≈
#.#.###.##≈@S..≈♣♣
..#+#####.##..'.....≈♣
...... ##.#..'.....≈♣
#....#####....#≈....≈♣
..............#≈....≈.♣
#.....####....#≈≈....≈≈≈
......#
##....##≈≈.......
......#
#......##≈≈......
......# #.<.....##≈≈....


You could see a black mamba shaped shifter.

Vanquished Creatures
  A necrophage (D:4)
  An ogre (D:4)
  2 big kobolds (D:4)
  A scorpion (D:5)
  A howler monkey (D:3)
  A hound (D:4)
  A jelly (D:5)
  3 orc wizards (D:4)
  Crazy Yiuf (D:4)
  An orc priest (D:4)
  Ijyb (D:3)
  A worker ant (D:4)
  A hound skeleton (D:4)
  3 adders
  2 worms (D:3)
  3 dart slugs
  2 leopard geckos
  9 orcs (D:4)
  A giant cockroach (D:1)
  5 goblins
  12 hobgoblins
  8 jackals
  3 quokkas
  A ball python (D:2)
  6 bats
  5 frilled lizards
  10 kobolds
  8 rats
94 creatures vanquished.

Vanquished Creatures (others)
  An iguana (D:5)
1 creature vanquished.

Grand Total: 95 creatures vanquished

Notes
Turn   | Place    | Note
-------+----------+-------------------------------------------
     0 | D:1      | Lanoc the Hill Orc Chaos Knight began the quest for the
                  | Orb.
     0 | D:1      | Reached XP level 1. HP: 19/19 MP: 1/1
     7 | D:1      | Noticed a hound
     7 | D:1      | Noticed a crocodile
     7 | D:1      | Noticed a worker ant
     7 | D:1      | Noticed a wyvern
   105 | D:1      | Reached skill level 1 in Dodging
   105 | D:1      | Reached XP level 2. HP: 27/27 MP: 2/2
   213 | D:1      | XOM: harmless Pois miscast
   273 | D:1      | XOM: give mutations
   273 | D:1      | Gained mutation: Your muscles are strong. (Str +2) [Xom's
                  | grace]
   273 | D:1      | Gained mutation: You have a beak for a mouth. [Xom's grace]
   275 | D:1      | XOM: give mutation
   275 | D:1      | Gained mutation: Your spells are a little harder to cast,
                  | but a little more powerful. [Xom's grace]
   508 | D:1      | Reached XP level 3. HP: 33/33 MP: 3/3
   605 | D:1      | XOM: scenery: create altars
   921 | D:2      | XOM: cloud trail
  1501 | D:3      | Noticed Ijyb
  1513 | D:3      | Killed Ijyb
  1513 | D:3      | Reached skill level 5 in Axes
  1513 | D:3      | Reached XP level 4. HP: 19/40 MP: 4/4
  1631 | D:3      | XOM: 3-stop teleportation journey
  1662 | D:3      | Reached XP level 5. HP: 18/47 MP: 5/5
  1667 | D:3      | XOM: enchant monster (good)
  2003 | D:3      | XOM: cloud trail
  2184 | D:3      | XOM: give mutations
  2184 | D:3      | Gained mutation: You have a pair of small horns on your
                  | head. [Xom's grace]
  2184 | D:3      | Gained mutation: Your spells are harder to cast, but more
                  | powerful. [Xom's grace]
  2233 | D:4      | XOM: give mutation
  2233 | D:4      | Gained mutation: You have sharp fingernails. [Xom's grace]
  2332 | D:4      | Found an opulent altar of Gozag.
  2336 | D:4      | Found Gozag's Platinum Reserve.
  2374 | D:4      | Noticed a necrophage
  2377 | D:4      | Reached skill level 6 in Axes
  2396 | D:4      | Killed a necrophage
  2396 | D:4      | Reached XP level 6. HP: 8/54 MP: 6/6
  2586 | D:4      | Reached skill level 5 in Fighting
  2710 | D:4      | XOM: divination: magic mapping
  2712 | D:4      | XOM: god gift: scroll labeled YRRYOM SALIDGHEME {god gift}
  2721 | D:4      | Fell from the grace of Xom
  2721 | D:4      | Became a worshipper of Beogh the Brigand
  2810 | D:4      | Reached skill level 7 in Axes
  2810 | D:4      | Reached XP level 7. HP: 32/60 MP: 7/7
  2971 | D:4      | XOM: mild Summ miscast
  3383 | D:4      | Found a runed door.
  3387 | D:4      | Noticed Crazy Yiuf
  3396 | D:4      | Killed Crazy Yiuf
  3579 | D:4      | XOM: stat loss: -3 Int (9/12)
  3580 | D:4      | Reached * piety under Beogh
  4375 | D:5      | Entered Level 5 of the Dungeon
  4392 | D:5      | Reached skill level 8 in Axes
  4502 | D:5      | Found a staircase to the Ecumenical Temple.
  4511 | Temple   | Entered the Ecumenical Temple
  4570 | D:5      | Noticed a soldier ant
  4570 | D:5      | an ice beast changed into a soldier ant
  4570 | D:5      | XOM: polymorph ice beast -> soldier ant
  4575 | D:5      | a soldier ant changed into an eye of draining
  4577 | D:5      | Noticed a yak
  4577 | D:5      | an eye of draining changed into a yak
  4585 | D:5      | HP: 3/62 [yak (glowing shapeshifter) (12)]
  4587 | D:5      | HP: 1/62 [yak (glowing shapeshifter) (12)]
  4589 | D:5      | Noticed a black mamba
  4589 | D:5      | a yak changed into a black mamba
  4592 | D:5      | Mangled by a black mamba (glowing shapeshifter)

Vault maps used:
D:1:      onia_arrival_zoo_common
D:3:      uniq_ijyb
D:4:      cheibrodos_thug_alley, nicolae_gozag_zags_fifth_avenue, first_ration,
          uniq_crazy_yiuf_cottage
D:5:      minmay_temple_entry_antechambers, serial_bayou_lagoon_a, fountainhead,
          kennysheep_big_empty_room, amethyst_killhole,
          nicolae_ashenzari_panopticon
Temple:   nicolae_temple_hex_pool

Skill      XL: |  1  2  3  4  5  6  7 |
---------------+----------------------+-----
Dodging        | 1 2 3 |  3.1
Fighting       | 4 5 |  5.9
Axes           | 5 6 7 8 |  8.1
Armour         | 3 4 |  4.6

Action                   |  1- 3 |  4- 6 |  7- 9 || total
-------------------------+-------+-------+-------++-------
Melee: Hand axe          |   116 |   123 |    94 ||   333
       Peck              |     9 |    16 |    24 ||    49
       Headbutt          |       |    14 |    17 ||    31
Invok: Convert to Beogh  |       |     1 |       ||     1
  Use: Potion            |       |       |     4 ||     4
 Stab: Petrifying        |     1 |       |     1 ||     2
       Paralysed         |       |     7 |       ||     7
       Confused          |       |       |     2 ||     2
  Eat: Chunk             |     2 |     4 |     3 ||     9
       Ration            |       |       |     1 ||     1
Armor: Leather armour    |    47 |    28 |     5 ||    80
       Ring mail         |       |       |    23 ||    23
Dodge: Dodged            |    63 |    54 |    33 ||   150

Table legend:
 A = Non-vault XP
 B = Vault XP
 C = Vault XP percentage of total XP
 D = Non-vault monster count
 E = Vault monster count
 F = Vault count percentage of total count
                 A         B        C        D         E       F
            +---------+---------+-------+---------+---------+-------
      Total |     865 |     287 |  24.9 |      81 |      14 |  14.7
            +---------+---------+-------+---------+---------+-------
        D:1 |      39 |       0 |   0.0 |      20 |       0 |   0.0
        D:2 |      27 |       0 |   0.0 |      16 |       0 |   0.0
        D:3 |      92 |      38 |  29.2 |      14 |       1 |   6.7
        D:4 |     561 |     249 |  30.7 |      25 |      13 |  34.2
        D:5 |     146 |       0 |   0.0 |       6 |       0 |   0.0
            +---------+---------+-------+---------+---------+-------
